 Dungeon Crawl Stone Soup version 0.31.0-32-g396128a36d (webtiles) character file.

Game seed: 2625801776756737211

65 PaiMei the Grave Robber (level 3, 0/26 HPs)
             Began as a Demonspawn Necromancer on Apr 17, 2024.
             Slain by a scorpion (4 damage)
             ... on level 3 of the Dungeon.
             The game lasted 00:02:33 (1874 turns).

PaiMei the Grave Robber (Demonspawn Necromancer)    Turns: 1874, Time: 00:02:33

Health: 0/26       AC:  3    Str:  8    XL:     3   Next: 92%
Magic:  0/6        EV: 12    Int: 17    God:
Gold:   234        SH:  0    Dex: 13    Spells: 3/7 levels left

rFire   . . .        d - +0 short sword
rCold   . . .        (no shield)
rNeg    . . .        a - +0 robe
rPois   .            (no helmet)
rElec   .            (no cloak)
rCorr   .            (no gloves)
SInv    .            l - +0 pair of boots
Will    .....        (no amulet)
Stlth   ++           (no ring)
HPRegen 0.24/turn    (no ring)
MPRegen 0.10/turn

%: no passive effects
@: no status effects
A: hooves 1
a: no special abilities


You were on level 3 of the Dungeon.
You visited 1 branch of the dungeon, and saw 4 of its levels.

You collected 234 gold pieces.

Inventory:

Hand Weapons
 d - a +0 short sword (weapon)
Armour
 a - a +0 robe (worn)
 l - a +0 pair of boots (worn)
Jewellery
 h - an amulet of reflection
 n - a ring of flight
Scrolls
 f - 2 scrolls of identify {unknown}
 g - a scroll of fog {unknown}
 i - a scroll of brand weapon {unknown}
 j - a scroll of revelation {unknown}
 k - a scroll of enchant weapon {unknown}
 m - a scroll of teleportation {unknown}
Potions
 b - a potion of magic
 c - a potion of curing
 e - a potion of lignification {unknown}


   Skills:
 + Level 1.4 Fighting
 + Level 2.4 Dodging
 - Level 2.0 Stealth
 + Level 2.5 Spellcasting
 + Level 4.8 Necromancy


You had 3 spell levels left.
You knew the following spells:

 Your Spells              Type           Power      Damage    Failure   Level
a - Necrotise             Necr           72%        1d7       2%          1
b - Vampiric Draining     Necr           18%        2d7       8%          3

Your spell library contained the following spells:

 Spells                   Type           Power      Damage    Failure   Level
 Sublimation of Blood     Necr           18%        N/A       3%          2
 Call Canine Familiar     Summ           2%         N/A       50%         3
 Sigil of Binding         Hex            2%         N/A       50%         3
 Animate Dead             Necr           18%        N/A       24%         4
 Curse of Agony           Necr           18%        N/A       56%         5
 Dimensional Bullseye     Hex/Tloc       1%         N/A       88%         4
 Petrify                  Alch/Erth      2%         N/A       88%         4
 Irradiate                Conj/Alch      1%         3d12      99%         5


Dungeon Overview and Level Annotations

Branches:
Dungeon (4/15)
 Temple: D:4-7

Altars:

Shops:
D:1 [


Innate Abilities, Weirdness & Mutations

You have large cloven feet.


Message History

The scorpion completely misses you.
You barely miss the scorpion.
The scorpion is heavily wounded.
The scorpion stings you.
You are poisoned.
The scorpion poisons you!
You hit the scorpion.
The scorpion is heavily wounded.
You feel very sick. The scorpion stings you.
It was a potion of curing.
You feel better. The scorpion stings you.
You are poisoned.
The scorpion poisons you! The scorpion misses you.
Your magical contamination has completely faded away.
You barely miss the scorpion.
The scorpion is heavily wounded.
You feel sick. The scorpion stings you.
Casting: Necrotise (safe; 2% risk of failure)
Confirm with . or Enter, or press ? or * to list all spells.
Aiming: Necrotise (safe; 2% risk of failure)
Press: ? - help, Shift-Dir - straight line, f/p - scorpion
Aim: a scorpion (heavily wounded, chance to affect: 76%)
The scorpion writhes in agony.
You feel sick. The scorpion stings you.
* * * LOW HITPOINT WARNING * * *
You feel better.
The scorpion stings you but does no damage.
You hit the scorpion but do no damage.
The scorpion is severely wounded.
The scorpion closely misses you.
You hit the scorpion but do no damage.
The scorpion is severely wounded.
The scorpion stings you. x2
You closely miss the scorpion.
The scorpion is severely wounded.
The scorpion stings you.
* * * LOW HITPOINT WARNING * * *
You hit the scorpion but do no damage.
The scorpion is severely wounded.
The scorpion stings you.
You die...

#.. #.# #.#..####
##. #.<# #.#..# .#
#.## #.##.# .# #.
#.##.#### .# #.
#.##..... ## #.
#.##.#### .> #.
#.##.#
#.#.#########.##.#
#...@s........##.#
####.###########.#
#.# #.# #.# #.#
#.# #.# #.# #.#
#.# #.# #.# #.#
#.# #.# #.# #.#
#.# ###.#
#.###########.#


You could see a scorpion.

Vanquished Creatures
  2 adders
  2 ribbon worms (D:2)
  A dart slug (D:1)
  An orc (D:3)
  7 ball pythons
  2 endoplasms
  A giant cockroach (D:1)
  7 goblins
  3 hobgoblins
  2 jackals (D:3)
  3 bats
  A frilled lizard (D:1)
  2 kobolds
  4 rats
38 creatures vanquished.

Notes
Turn   | Place    | Note
-------+----------+-------------------------------------------
     0 | D:1      | PaiMei the Demonspawn Necromancer began the quest for the
                  | Orb.
     0 | D:1      | Reached XP level 1. HP: 13/13 MP: 3/3
   201 | D:1      | Found Icoisade's Antique Armour Shoppe.
   206 | D:1      | Gained mutation: You have large cloven feet. [demonic
                  | ancestry]
   206 | D:1      | Reached XP level 2. HP: 19/19 MP: 0/5
   669 | D:2      | Reached XP level 3. HP: 6/25 MP: 0/6
   673 | D:2      | Learned a level 3 spell: Vampiric Draining
  1065 | D:2      | Reached skill level 1 in Fighting
  1145 | D:2      | You fall into a shaft and drop 2 floors!
  1268 | D:3      | Found a faded altar of an unknown god.
  1422 | D:3      | Noticed a scorpion
  1874 | D:3      | Slain by a scorpion

Illustrated notes

Levels and vault maps discovered:
D:1:      minmay_arrival_four_loops, layout_rooms, serial_shops, shop
D:2:      minmay_general_purpose_star, layout_basic, minmay_misc_feat_iff
D:3:      layout_loops_ring, shapermc_ecumenical_altar_totnotflames
D:4:      layout_basic, hangedman_abyss_or_decor_jellyfish_corner,
          amethyst_killhole, uniq_robin, uniq_natasha

Skill      XL: |  1  2  3 |
---------------+----------+-----
Dodging        | 2 |  2.4
Stealth        | 2 |  2.0
Fighting       | 1 |  1.4
Spellcasting   | |  2.5
Necromancy     | |  4.8

Action                     || total
---------------------------++-------
  Melee: Short sword       ||    29
         Kick              ||     3
   Cast: Necrotise         ||    70
    Use: Potion            ||     2
 Armour: Robe              ||    33
  Dodge: Dodged            ||    27
